 Dungeon Crawl Stone Soup version 0.31-a0-840-g6d2ecbb638 (webtiles) character file.

Game seed: 5416798979603532842

86 BinkBink the Sneak (level 4, 0/23 HPs)
             Began as a Spriggan Brigand on Sept 27, 2023.
             Killed from afar by Natasha (5 damage)
             ... with a magic dart
             ... on level 2 of the Dungeon.
             The game lasted 00:02:17 (1136 turns).

BinkBink the Sneak (Spriggan Brigand)               Turns: 1136, Time: 00:02:18

Health: 0/23       AC:  3    Str:  7    XL:     4   Next: 27%
Magic:  5/5        EV: 17    Int: 12    God:
Gold:   93         SH:  0    Dex: 18    Spells: 3/3 levels left

rFire   . . .        a - +2 dagger
rCold   . . .        (no shield)
rNeg    . . .        b - +0 robe
rPois   .            (helmet restricted)
rElec   .            c - +0 cloak
rCorr   .            (gloves unavailable)
SInv    +            (boots unavailable)
Will    .....        (no amulet)
Stlth   ++++         (no ring)
HPRegen 0.23/turn    (no ring)
MPRegen 0.09/turn

%: no passive effects
@: very quick
A: very small, no large weapons, unfitting armour, see invisible, speed 3
a: no special abilities


You were on level 2 of the Dungeon.
You visited 1 branch of the dungeon, and saw 2 of its levels.

You collected 93 gold pieces.

Inventory:

Hand Weapons
 a - a +2 dagger (weapon)
Missiles
 d - 13 poisoned darts (quivered)
 e - 3 curare-tipped darts
Armour
 b - a +0 robe (worn)
 c - a +0 cloak (worn)
Talismans
 m - a blade talisman
Scrolls
 g - 2 scrolls of noise {unknown}
 h - 2 scrolls of identify {unknown}
 i - a scroll of brand weapon {unknown}
 j - 2 scrolls of teleportation {unknown}
 k - a scroll of immolation {unknown}
 l - 2 scrolls of silence {unknown}
Potions
 f - a potion of attraction {unknown}


   Skills:
 + Level 2.1 Fighting
 + Level 2.9 Short Blades
 + Level 2.7 Throwing
 + Level 2.7 Dodging
 + Level 6.5 Stealth


You had 3 spell levels left.
You didn't know any spells.
Your spell library contained the following spells:

 Spells                   Type           Power      Damage    Failure   Level
 Blink                    Tloc           0%         N/A       45%         2
 Lesser Beckoning         Tloc           0%         N/A       45%         2
 Momentum Strike          Conj/Tloc      0%         3d8       45%         2
 Poisonous Vapours        Pois/Air       0%         N/A       45%         2
 Mephitic Cloud           Conj/Pois/Air  0%         N/A       69%         3
 Freezing Cloud           Conj/Ice/Air   0%         6-21      100%        5


Dungeon Overview and Level Annotations

Branches:
Dungeon (2/15)

Altars:

Annotations:
D:2 Natasha


Innate Abilities, Weirdness & Mutations

You are very small and have problems with some larger weapons.
You are too small for most types of armour.
You have supernaturally acute eyesight. (SInv)
You cover ground extremely quickly. (Speed+++)


Message History

No target in view!
The helpless Natasha fails to defend herself.
You impale Natasha!!
You kill Natasha!
Natasha screams in fury as she dies!
You have reached level 4!
g - 2 scrolls labelled ZASHYG UDUG (gained 1)
A ball python comes into view.
Found a glowing dagger.
Found a faded altar of an unknown god.
Natasha, Servant of Life and Death comes into view.
The ball python hisses angrily.
The ball python closely misses you. The ball python misses you.
You barely miss the ball python. The ball python closely misses you. x2
You hit the ball python.
You kill the ball python!
Natasha casts a spell.
Natasha claws you.
The cerulean imp hits you from afar with a +1 spear.
You barely miss Natasha. Natasha claws you! The cerulean imp barely misses you.
You are too injured to fight recklessly!
You are too injured to fight recklessly!
You are too injured to fight recklessly!
You are too injured to fight recklessly!
You hit Natasha.
Natasha is moderately wounded.
Natasha claws you.
* * * LOW HITPOINT WARNING * * *
You hit Natasha but do no damage.
Natasha is moderately wounded.
The cerulean imp completely misses you. Natasha misses you.
You hit Natasha.
Natasha is heavily wounded.
The cerulean imp misses you.
You hit Natasha.
Natasha is almost dead.
Natasha stares at you and mumbles some strange words.
The magic dart hits you.
You die...
Natasha curls up and begins to purr.

..######..._.....#
.#........♣.♣....
..<....# .......######
#......# #.........#
.......# #.......)#
##.....#######.......#
.)...................#
#............#.......#
##.....#..##.#^.@....#
....#####.##..#h.....#
.................5...#
.........#......##.###
##>.............##..#
.........#....#..##.#
.##......#....#... .#
##.......#....#. .#
.#.......######


You could see Natasha and a cerulean imp (summoned).

Vanquished Creatures
  Natasha (D:2)
  An adder (D:2)
  A dart slug (D:1)
  4 bats (D:1)
  9 endoplasms
  A giant cockroach (D:2)
  3 goblins
  2 hobgoblins
  5 jackals
  3 quokkas
  4 ball pythons
  A frilled lizard (D:1)
  4 kobolds
  4 rats (D:1)
43 creatures vanquished.

Notes
Turn   | Place    | Note
-------+----------+-------------------------------------------
     0 | D:1      | BinkBink the Spriggan Brigand began the quest for the Orb.
     0 | D:1      | Reached XP level 1. HP: 10/10 MP: 2/2
   186 | D:1      | Reached skill level 6 in Stealth
   191 | D:1      | Reached XP level 2. HP: 10/15 MP: 3/3
   683 | D:1      | Reached XP level 3. HP: 18/18 MP: 4/4
  1099 | D:2      | Noticed Natasha
  1111 | D:2      | Killed Natasha
  1112 | D:2      | Reached XP level 4. HP: 23/23 MP: 5/5
  1122 | D:2      | Found a faded altar of an unknown god.
  1124 | D:2      | Noticed Natasha
  1136 | D:2      | Killed from afar by Natasha

Illustrated notes

Levels and vault maps discovered:
D:1:      minmay_arrival_stone_box, layout_basic, kennysheep_nondescript
D:2:      layout_rooms, chequers_ecumenical_altar_simple,
          uniq_crazy_yiuf_cottage, uniq_natasha

Skill      XL: |  1  2  3 |
---------------+----------+-----
Stealth        | 6 |  6.5
Dodging        | 2 |  2.7
Fighting       | 2 |  2.1
Short Blades   | |  2.9
Throwing       | |  2.7

Action                     |  1- 3 |  4- 6 || total
---------------------------+-------+-------++-------
  Melee: Dagger            |   125 |     7 ||   132
         Punch             |     1 |       ||     1
   Stab: Sleeping          |    15 |       ||    15
 Armour: Robe              |    39 |     5 ||    44
  Dodge: Dodged            |    83 |     8 ||    91

Table legend: (Time is in decaauts)
 A = Elapsed time spent in this place.
 B = Non-inter-level travel time spent in this place.
 C = Inter-level travel time spent in this place.
 D = Time resting spent in this place.
 E = Time spent auto-exploring this place.
 F = Levels seen in this place.
 G = Mean time per level.
                   A        B        C        D        E       F      G
               +--------+--------+--------+--------+--------+-----+--------+
         Total |    779 |    744 |     35 |      0 |    517 |   2 |  389.5 |
       Dungeon |    779 |    744 |     35 |      0 |    517 |   2 |  389.5 |
               +--------+--------+--------+--------+--------+-----+--------+

Top non-repeatable levels by time:
     D:1: 575 daAuts
     D:2: 204 daAuts
